 Seeded DCSS version 0.28.0-62-gf88900778d (webtiles) character file.

Game seed: 17803503943168051517 (custom seed)

618 cbfl8 the Skirmisher (level 7, -4/61 HPs)
             Began as a Minotaur Berserker on Mar 3, 2023.
             Was a Believer of Trog.
             Killed by divine providence
             ... invoked by an orc priest
              (9 damage)
             ... on level 5 of the Dungeon.
             The game lasted 00:04:34 (4150 turns).

cbfl8 the Skirmisher (Minotaur Berserker)           Turns: 4150, Time: 00:04:35

Health: -4/61      AC: 16    Str: 22    XL:     7   Next: 21%
Magic:  0/6        EV:  9    Int:  4    God:    Trog [**....]
Gold:   177        SH:  0    Dex: 11    Spells: 6/6 levels left

rFire   . . .      SeeInvis .   p - +0 trident
rCold   . . .      Faith    .   (no shield)
rNeg    . . .      Spirit   +   i - +0 chain mail
rPois   .          Reflect  .   (helmet restricted)
rElec   .          Harm     .   o - +2 cloak
rCorr   .          Rampage  .   (no gloves)
Will    .....                   (no boots)
Stlth   ..........              k - amulet of guardian spirit
HPRegen 0.20/turn               h - +4 ring of protection
MPRegen 0.10/turn               (no ring)

@: about to teleport
A: horns 2, retaliatory headbutt
a: Renounce Religion, Berserk, Trog's Hand


You were on level 5 of the Dungeon.
You worshipped Trog.
Trog was pleased with you.
You visited 1 branch of the dungeon, and saw 5 of its levels.

You collected 177 gold pieces.

Inventory:

Hand Weapons
 p - a +0 trident (weapon)
Armour
 i - a +0 chain mail (worn)
 o - a +2 cloak (worn)
Jewellery
 h - a +4 ring of protection (left hand)
 k - an amulet of guardian spirit (around neck)
Scrolls
 a - a scroll of fog {unknown}
 b - 4 scrolls of silence
 c - a scroll of magic mapping {unknown}
 e - a scroll of amnesia {unknown}
 f - a scroll of noise {unknown}
 g - 4 scrolls of identify {unknown}
 m - a scroll of blinking {unknown}
Potions
 j - a potion of resistance {unknown}
 l - 2 potions of haste {unknown}
 n - a potion of lignification {unknown}
 q - a potion of brilliance {unknown}
 r - a potion of berserk rage {unknown}


   Skills:
 * Level 5.5 Fighting
 + Level 4.9(5.9) Axes
 * Level 4.9(5.9) Polearms
 + Level 3.8 Armour
 * Level 3.4 Dodging
 + Level 0.8 Stealth
 * Level 2.2 Evocations


You had 6 spell levels left.
You didn't know any spells.
Your spell library was empty.

Dungeon Overview and Level Annotations

Branches:
Dungeon (5/15)
 Temple: D:4-7

Altars:
Dithmenos
Elyvilon
Okawaru


Innate Abilities, Weirdness & Mutations

You have a pair of horns on your head.
You reflexively headbutt those who attack you in melee.


Message History

Unknown command.
You puncture the orc priest!
You headbutt the orc priest, but do no damage.
The orc priest is heavily wounded.
The orc hits you with a +0 club.
The orc priest calls down the wrath of Beogh upon you.
Beogh smites you!
The orc priest calls upon Beogh to heal the orc priest.
The orc priest is healed somewhat.
You puncture the orc priest!
The orc priest is almost dead.
The orc hits you but does no damage. The orc priest completely misses you.
The orc priest mumbles some strange prayers to Beogh against you.
Beogh smites you!
Unknown command.
You are too injured to fight recklessly!
Unknown command.
You are too injured to fight recklessly!
Unknown command.
You barely miss the orc priest. Your headbutt misses the orc priest.
The orc priest is almost dead.
The orc hits you but does no damage.
The orc priest hits you but does no damage.
The orc priest misses you.
You barely miss the orc priest.
The orc priest is almost dead.
The orc barely misses you.
The orc priest hits you but does no damage.
The orc priest calls down the wrath of Beogh upon you.
Beogh smites you!
* * * LOW HITPOINT WARNING * * *
As you read the scroll of teleportation, it crumbles to dust.
You feel strangely unstable. The orc hits you but does no damage.
The orc priest calls down the wrath of Beogh upon you.
Pain shoots through your body!
* * * LOW HITPOINT WARNING * * *
The orc priest closely misses you.
The orc priest invokes the aid of Beogh against you.
Beogh smites you!
You die...

##.... #.... #.... #
#.... #...# #...#..
#..o#.# #.oo#.#
#..@#.##### ...#
#...#.....# #......
...##...#.....# #..####
..............####......
...#....................
.. #........##..........
# #....................
########.............
#.............


You could see 2 orc priests and an orc.

Vanquished Creatures
  An orc warrior (D:5)
  2 ogres
  A black bear (D:5)
  2 orc priests
  A hound (D:5)
  4 orc wizards (D:5)
  A hound zombie (D:5)
  3 adders (D:2)
  2 worms
  8 orcs
  2 ball pythons
  6 bats
  4 endoplasms
  3 giant cockroaches (D:2)
  4 goblins
  6 hobgoblins
  6 jackals
  3 quokkas
  2 frilled lizards (D:1)
  2 kobolds (D:1)
  6 rats
69 creatures vanquished.

Notes
Turn   | Place    | Note
-------+----------+-------------------------------------------
     0 | D:1      | cbfl8 the Minotaur Berserker began the quest for the Orb.
     0 | D:1      | Reached XP level 1. HP: 19/19 MP: 0/0
   308 | D:1      | Reached XP level 2. HP: 27/27 MP: 1/1
   422 | D:1      | Reached skill level 4 in Fighting
  1234 | D:2      | Reached XP level 3. HP: 33/33 MP: 2/2
  1602 | D:2      | Reached skill level 1 in Polearms
  1612 | D:2      | Reached ** piety under Trog
  1766 | D:2      | Found the +4 robe of Augmentation {Str+4 Int+4 Dex+4}
  1989 | D:2      | Reached XP level 4. HP: 34/41 MP: 3/3
  2440 | D:3      | Found a shadowy altar of Dithmenos.
  2539 | D:3      | Found an iron altar of Okawaru.
  2635 | D:3      | Reached skill level 1 in Evocations
  2894 | D:3      | Found a faded altar of an unknown god.
  2932 | D:4      | Noticed an ogre
  2936 | D:4      | Killed an ogre
  2937 | D:4      | Reached XP level 5. HP: 34/47 MP: 4/4
  3109 | D:4      | Found a white marble altar of Elyvilon.
  3137 | D:4      | Reached skill level 5 in Fighting
  3189 | D:4      | You fall into a shaft and drop 1 floor!
  3189 | D:5      | Entered Level 5 of the Dungeon
  3196 | D:5      | Reached XP level 6. HP: 56/56 MP: 3/5
  3708 | D:5      | Noticed an orc warrior
  3724 | D:5      | Killed an orc warrior
  4056 | D:5      | Reached XP level 7. HP: 61/61 MP: 6/6
  4150 | D:5      | Killed from afar by an orc priest

Illustrated notes

Levels and vault maps discovered:
D:1:      sevenhm_arrival_forest_fort_large_1, layout_loops_ring
D:2:      layout_basic, minmay_hedge_maze
D:3:      layout_loops_cross, lemuel_round_altar, okawaru_metal_pillars_1_2,
          shapermc_ecumenical_altar_acropolis, minmay_misc_feat_rows
D:4:      layout_rooms, elyvilon_altar_3, fedhas_altar_4, grunt_ministairs_3
D:5:      layout_basic, cheibriados_altar_1, lemuel_crystal_altar

Skill      XL: |  1  2  3  4  5  6 |
---------------+-------------------+-----
Axes           | 4 |  4.9
Fighting       | 4 5 |  5.5
Polearms       | 1 2 4 |  4.9
Evocations     | 1 2 |  2.2
Armour         | 3 |  3.8
Dodging        | 3 |  3.4
Stealth        | |  0.8

Action                   |  1- 3 |  4- 6 |  7- 9 || total
-------------------------+-------+-------+-------++-------
Melee: Hand axe          |    76 |    15 |       ||    91
       Headbutt          |    13 |    16 |     5 ||    34
       Trident           |       |    97 |    17 ||   114
       Punch             |       |     1 |       ||     1
Invok: Berserk           |       |     2 |       ||     2
  Use: Scroll            |       |     2 |     1 ||     3
 Stab: Sleeping          |     2 |       |       ||     2
Armor: Animal skin       |    12 |       |       ||    12
       Ring mail         |    12 |       |       ||    12
       Chain mail        |     8 |    92 |    10 ||   110
Dodge: Dodged            |    61 |    35 |    16 ||   112
